 Dungeon Crawl Stone Soup version 0.29-a0-451-gfbfa42419e (webtiles) character file.

Game seed: 10009043420890419151

66 dabmancer the Magician (level 4, -4/27 HPs)
             Began as an Octopode Hedge Wizard on May 20, 2022.
             Slain by DarkSlayer6995's ghost (9 damage)
             ... on level 3 of the Dungeon.
             The game lasted 00:14:41 (2193 turns).

dabmancer the Magician (Octopode Hedge Wizard)      Turns: 2193, Time: 00:14:42

Health: -4/27      AC:  1    Str:  9    XL:     4   Next: 15%
Magic:  5/10       EV: 13    Int: 18    God:
Gold:   45         SH:  0    Dex: 11    Spells: 3/11 levels left

rFire   . . .      SeeInvis .   h - +1 dagger (venom)
rCold   + . .      Faith    .   (no shield)
rNeg    . . .      Spirit   .   b - +0 hat
rPois   .          Reflect  .   (no amulet)
rElec   .          Harm     .   m - ring of protection from cold
rCorr   .          Rampage  .   (no ring)
Will    +....      Clarity  +   (no ring)
Stlth   +++.......              (no ring)
HPRegen 0.09/turn               (no ring)
MPRegen 0.12/turn               (no ring)
                                (no ring)
                                (no ring)

@: on blink cooldown, very slightly contaminated
A: almost no armour, amphibious, 8 rings, camouflage 1, gelatinous body 1,
(nimble swimmer 1), tentacles, clarity, strong-willed 1
a: no special abilities


You were on level 3 of the Dungeon.
You visited 1 branch of the dungeon, and saw 3 of its levels.

You collected 45 gold pieces.

Inventory:

Hand Weapons
 a - a +0 dagger
 h - a +1 dagger of venom (weapon)
Missiles
 j - 6 poisoned darts
 k - 4 curare-tipped darts
 l - a throwing net
Armour
 b - a +0 hat (worn)
 q - the +9 chain mail of Relativism {rF- rC+ Dex+6}
   (You found it on level 2 of the Dungeon)

   Dex:       It affects your dexterity (+6).
   rF:        It makes you vulnerable to fire.
   rC:        It protects you from cold.
Jewellery
 m - a ring of protection from cold (left tentacle)
Scrolls
 e - 2 scrolls of identify
 i - a scroll of torment
 n - a scroll of enchant armour {unknown}
 p - a scroll of noise {unknown}
 r - a scroll of enchant weapon {unknown}
Potions
 c - a potion of magic
 d - a potion of might {unknown}
 f - a potion of flight
 g - a potion of degeneration {unknown}
 o - a potion of lignification {unknown}
 s - a potion of heal wounds {unknown}


   Skills:
 + Level 0.5 Short Blades
 + Level 2.2 Dodging
 + Level 3.1 Stealth
 + Level 4.1 Spellcasting
 + Level 1.4 Conjurations
 + Level 1.0 Summonings
 + Level 1.0 Translocations
 + Level 0.2 Ice Magic


You had 3 spell levels left.
You knew the following spells:

 Your Spells              Type           Power      Damage    Failure   Level
a - Magic Dart            Conj           32%        1d4       9%          1
b - Blink                 Tloc           14%        N/A       14%         2
c - Call Imp              Summ           7%         N/A       14%         2
d - Ensorcelled Hibernat  Hex/Ice        8%         N/A       22%         2
e - Slow                  Hex            12%        N/A       14%         1

Your spell library contained the following spells:

 Spells                   Type           Power      Damage    Failure   Level
 Conjure Flame            Conj/Fire      6%         6-21      32%         3
 Mephitic Cloud           Conj/Pois/Air  5%         N/A       34%         3
 Spider Form              Tmut/Pois      3%         N/A       41%         3
 Anguish                  Hex/Necr       1%         N/A       82%         4


Dungeon Overview and Level Annotations

Branches:
Dungeon (3/15)

Altars:

Shops:
D:1 *

Portals:
Abyss: D:3

Annotations:
D:3 1 transporter, DarkSlayer6995's ghost, weakling DrFE


Innate Abilities, Weirdness & Mutations

You cannot wear most types of armour.
You are amphibious.
You can wear up to eight rings at the same time.
Your skin changes colour to match your surroundings (Stealth+).
Your rubbery body absorbs attacks. (AC +1, EV +1)
((You are camouflaged when in or above water. (Stealth+)))
You have tentacles for arms and can constrict up to eight enemies at once.
You possess an exceptional clarity of mind.
You are strong-willed. (Will+)


Message History

You kill the hobgoblin!
You start resting.
You hear the slow rusting of a distant drain.
Found a crooked runed staff.
Found 18 stones.
s - a grey potion
There is a transporter here.
You enter the transporter and appear at another place.
A quasit comes into view.
The kobold brigand shouts!
DarkSlayer6995's ghost turns its malevolent gaze towards you.
The kobold brigand closely misses you.
DarkSlayer6995's ghost closely misses you.
The quasit moves out of view.
Found 4 gold pieces.
The kobold brigand attacks as you move away!
The kobold brigand barely misses you.
DarkSlayer6995's ghost attacks as you move away!
DarkSlayer6995's ghost closely misses you.
Found a fizzy pink potion.
The small abomination enters a dispersal trap!
You blink.
The quasit closely misses you. x2; The quasit claws you.
Casting: Magic Dart (safe; 9% risk of failure)
Confirm with . or Enter, or press ? or * to list all spells.
You miscast Blink.
You are very lightly contaminated with residual magic.
Nothing appears to happen.
The kobold brigand hits you with a +0 short sword of distortion.
Space warps horribly around you!
Ouch! That really hurt!
* * * LOW HITPOINT WARNING * * *
The quasit bites you.
* * * LOW HITPOINT WARNING * * *
The quasit claws you but does no damage. x2
Casting: Blink (safe; 14% risk of failure)
Confirm with . or Enter, or press ? or * to list all spells.
You blink.
DarkSlayer6995's ghost attacks as you move away!
DarkSlayer6995's ghost hits you!
You die...

.#..#.###x..##....#
..#.##.##..##....######.
##.#©#..##©##............
....#..∩##..###.....#......
....#.#..#.................
..###.#..##............#.
#..^.xK.#####........#
##..###..##.##....<.##
#.##©#..W@..#............
.# ..##.5####....####.###
## ####......... ..
.......#.# ## ........#.#
#####.#.# # #...


You could see a kobold brigand, a small abomination, a quasit and
DarkSlayer6995's ghost.

Vanquished Creatures
  2 adders (D:2)
  3 dart slugs
  3 bats
  2 endoplasms
  2 giant cockroaches
  2 goblins
  8 hobgoblins
  4 quokkas
  5 ball pythons
  2 frilled lizards
  4 kobolds
  A rat (D:1)
38 creatures vanquished.

Notes
Turn   | Place    | Note
-------+----------+-------------------------------------------
     0 | D:1      | dabmancer the Octopode Hedge Wizard began the quest for the
                  | Orb.
     0 | D:1      | Reached XP level 1. HP: 11/11 MP: 4/4
   195 | D:1      | Reached XP level 2. HP: 17/17 MP: 1/6
   627 | D:1      | Found Ibudoheo's General Store.
   945 | D:1      | Reached XP level 3. HP: 21/21 MP: 6/8
  1137 | D:2      | Gained mutation: One of your tentacles bears a spike.
                  | [potion of mutation]
  1137 | D:2      | Gained mutation: You have hidden genetic potential. [potion
                  | of mutation]
  1138 | D:2      | Lost mutation: You have hidden genetic potential. [potion
                  | of mutation]
  1138 | D:2      | Lost mutation: One of your tentacles bears a spike. [potion
                  | of mutation]
  1138 | D:2      | Gained mutation: You are weak. (Str -2) [potion of
                  | mutation]
  1242 | D:2      | Learned a level 2 spell: Blink
  1245 | D:2      | Learned a level 2 spell: Call Imp
  1262 | D:2      | Learned a level 2 spell: Ensorcelled Hibernation
  1362 | D:2      | Reached skill level 4 in Spellcasting
  1683 | D:2      | Identified the +9 chain mail of Relativism {rF- rC+ Dex+6}
  1756 | D:2      | Lost mutation: You are weak. (Str -2) [potion of mutation]
  1756 | D:2      | Gained mutation: You possess an exceptional clarity of
                  | mind. [potion of mutation]
  1756 | D:2      | Gained mutation: You are strong-willed. (Will+) [potion of
                  | mutation]
  1959 | D:2      | Reached XP level 4. HP: 25/27 MP: 8/10
  2060 | D:2      | Learned a level 1 spell: Slow
  2092 | D:3      | Found a transporter.
  2101 | D:3      | Noticed a small abomination
  2102 | D:3      | Found a one-way gate to the infinite horrors of the Abyss.
  2102 | D:3      | Noticed a kobold brigand
  2102 | D:3      | Noticed DarkSlayer6995's ghost (weakling DrFE)
  2107 | D:3      | Noticed a small abomination
  2123 | D:3      | Found a transporter.
  2193 | D:3      | Slain by DarkSlayer6995's ghost

Illustrated notes

Levels and vault maps discovered:
D:1:      psy_arrival_spokes, layout_rooms, serial_shops, shop
D:2:      layout_loops_cross
D:3:      layout_basic, gammafunk_ghost_abyssal_escape, gup_sewer_entry_pipe

Skill      XL: |  1  2  3 |
---------------+----------+-----
Stealth        | 3 |  3.1
Spellcasting   | 4 |  4.1
Short Blades   | |  0.5
Dodging        | |  2.2
Conjurations   | |  1.4
Summonings     | |  1.0
Translocations | |  1.0
Ice Magic      | |  0.2

Action                   |  1- 3 |  4- 6 || total
-------------------------+-------+-------++-------
Melee: Dagger            |    21 |     7 ||    28
       Constrict         |     4 |     1 ||     5
       Tentacles         |     3 |       ||     3
       Punch             |     1 |       ||     1
 Cast: Magic Dart        |    70 |    13 ||    83
       Call Imp          |     1 |       ||     1
       Ensorcelled Hiber |     1 |       ||     1
       Blink             |       |     1 ||     1
  Use: Potion            |     3 |       ||     3
       Scroll            |     2 |     1 ||     3
Armor: Skin              |       |     2 ||     2
Dodge: Dodged            |     9 |     8 ||    17

Table legend: (Time is in decaauts)
 A = Elapsed time spent in this place.
 B = Non-inter-level travel time spent in this place.
 C = Inter-level travel time spent in this place.
 D = Time resting spent in this place.
 E = Time spent auto-exploring this place.
 F = Levels seen in this place.
 G = Mean time per level.
                   A        B        C        D        E       F      G
               +--------+--------+--------+--------+--------+-----+--------+
         Total |   2191 |   2141 |     50 |    192 |   1623 |   3 |  730.3 |
       Dungeon |   2191 |   2141 |     50 |    192 |   1623 |   3 |  730.3 |
               +--------+--------+--------+--------+--------+-----+--------+

Top non-repeatable levels by time:
     D:1: 1102 daAuts
     D:2: 959 daAuts
     D:3: 129 daAuts
